 Dungeon Crawl Stone Soup version 0.20.0-8-g6b59dc7 (webtiles) character file.

141722 ghjk the Severer (level 16, 0/159 HPs)
             Began as a Minotaur Fighter on May 30, 2017.
             Was the Champion of Okawaru.
             Slain by a naga warrior
             ... wielding a +0 battleaxe
              (22 damage)
             ... on level 4 of the Snake Pit.
             The game lasted 00:51:53 (29519 turns).

ghjk the Severer (Minotaur Fighter)                Turns: 29519, Time: 00:51:54

Health: 0/159      AC: 25    Str: 35    XL:     16   Next: 78%
Magic:  0/15       EV: 11    Int:  5    God:    Okawaru [******]
Gold:   2064       SH:  0    Dex: 10    Spells: 15/15 levels left

rFire    . . .     SeeInvis .   c - +5 executioner's axe (drain)
rCold    . . .     Gourm    .   (shield currently unavailable)
rNeg     . . .     Faith    .   e - +0 plate armour
rPois    .         Spirit   +   Q - +2 hat
rElec    .         Reflect  .   q - scarf {repulsion}
rCorr    +         Harm     .   T - +1 pair of gloves {Str+3}
MR       +....                  Y - +0 pair of boots
Stlth    ..........             y - amulet of guardian spirit
Regen    0.4/turn               B - ring of resist corrosion
MPRegen  0.2/turn               d - +4 ring of strength

@: lethally poisoned (0 -> -3), finesse, slowed, repel missiles, very slow
A: retaliatory headbutt, horns 2
a: Heroism, Finesse, Renounce Religion


You were on level 4 of the Snake Pit.
You worshipped Okawaru.
Okawaru was exalted by your worship.
You were not hungry.

You visited 5 branches of the dungeon, and saw 28 of its levels.
You also visited: Sewer.

You collected 3316 gold pieces.
You spent 1252 gold pieces at shops.

Inventory:

Hand Weapons
 c - a +5 executioner's axe of draining (weapon)
 j - a +3 broad axe of freezing
 J - the +8 executioner's axe of the Moth {chop, -Tele rElec rPois Dex+6}
   (Okawaru gifted it to you on level 6 of the Lair of Beasts)

   It inflicts extra damage upon your enemies.
   It affects your dexterity (+6).
   It insulates you from electricity.
   It protects you from poison.
   It prevents most forms of teleportation.
 L - a +3 battleaxe of electrocution
Armour
 e - a +0 plate armour (worn)
 q - a scarf of repulsion (worn)
 Q - a +2 hat (worn)
 R - a +1 cloak of magic resistance
 T - a +1 pair of gloves of strength (worn)
 Y - a +0 pair of boots (worn)
Jewellery
 d - a +4 ring of strength (right hand)
 k - an uncursed ring of positive energy
 y - an amulet of guardian spirit (around neck)
 B - a ring of resist corrosion (left hand)
 K - an uncursed ring of protection from fire
 P - an uncursed ring of flight
Wands
 b - a wand of paralysis (8/24)
 h - a wand of digging (21/24)
 l - a wand of disintegration (16/24)
 D - a wand of polymorph (13/24)
 E - a wand of lightning (12/15)
 S - a wand of enslavement (5/24)
 V - a wand of lightning (5/15)
 X - a wand of digging (7/24)
Scrolls
 o - 10 scrolls of teleportation
 t - a scroll of fear
 u - 2 scrolls of blinking
 F - 6 scrolls of recharging
 G - 10 scrolls of remove curse
 H - 2 scrolls of enchant armour
 I - 3 scrolls of fog
 U - 2 scrolls of holy word
 W - a scroll of magic mapping
Potions
 a - a potion of magic
 i - 9 potions of curing
 m - 3 potions of heal wounds
 r - 4 potions of flight
 v - 4 potions of invisibility
 w - 3 potions of berserk rage
 x - 4 potions of resistance
 z - 2 potions of agility
 A - 4 potions of cancellation
 N - 6 potions of brilliance
 O - 3 potions of ambrosia
 Z - 3 potions of might
Comestibles
 f - 12 bread rations
 g - 20 meat rations


   Skills:
 * Level 18.6 Fighting
 * Level 20.8(20.9) Axes
   Level 1.6(14.3) Maces & Flails
 * Level 19.4 Armour
 + Level 4.7 Dodging
   Level 4.0 Shields


You had 15 spell levels left.
You didn't know any spells.

Dungeon Overview and Level Annotations

Branches:
Dungeon (15/15)            Temple (1/1) D:4            Lair (6/6) D:11
  Swamp (0/4) Lair:3        Snake (4/4) Lair:3        Slime (0/5) Lair:5
    Orc (2/2) D:12            Elf (0/3) Orc:2        Vaults (0/5) D:13
 Depths (0/5) D:15

Altars:
Ashenzari
Cheibriados
Dithmenos
Elyvilon
Fedhas
Gozag
Hepliaklqana
Kikubaaqudgha
Makhleb
Nemelex Xobeh
Okawaru
Qazlal
Ru
Sif Muna
Trog
Uskayaw
Vehumet
Xom
Yredelemnul
Zin
The Shining One
Beogh

Shops:
D:6 **!*   D:7 *   Orc:2 ?:?[

Annotations:
Snake:4 Saint Roka


Innate Abilities, Weirdness & Mutations

You reflexively headbutt those who attack you in melee.
You have a pair of horns on your head.


Message History

Okawaru accepts your kill.
You feel sick.
You hear a distant blaring wail to the south.
You hit the naga sharpshooter but do no damage.
The naga sharpshooter is moderately wounded.
You feel sick.
The naga sharpshooter shoots a bolt.
The bolt is repelled.
Unknown command.
Your plate armour prevents you from hitting the naga sharpshooter.
You headbutt the naga sharpshooter!
The naga sharpshooter is moderately wounded.
Unknown command.
You open the naga sharpshooter like a pillowcase!!!
You kill the naga sharpshooter!
Okawaru accepts your kill.
You feel sick.
Unknown command.
Unknown command.
You feel sick.
The naga warrior hits you with a battleaxe!!
You die...

#............##.............#+#
#.............†...........####
# ...........................#
####++#..#+##########++###.# #
+..# ##### #.# #
#..#######.#.+# #.# # #
#.........## #.# # #......(..#
#.###### #...N@(.(## #.......
#...N....# #....... #.........#
#.....## #######+#+# #....##
..####### ### ### #...##
........###.###.###...#
......................##
N####.......)..........#
#..................##


You could see a naga warrior and a naga.

Vanquished Creatures
  Kirke (Snake:3)
  Gastronok (D:11)
  Agnes (Snake:3)
  A nagaraja (Snake:3)
  Aizul (Snake:2)
  Nessos (Lair:4)
  Azrael (D:14)
  An ettin (Orc:1)
  Erolcha (D:9)
  3 naga warriors
  5 hydras
  A catoblepas (Lair:3)
  The ghost of ThereIsNoGod the Severer, a journeyman MiGl of Makhleb (Orc:1)
  10 anacondas
  An ice dragon (Lair:6)
  A death knight (D:13)
  5 centaur warriors
  5 ogre magi
  10 two-headed ogres
  3 tengu warriors
  A deep elf knight (D:14)
  4 naga sharpshooters
  Urug (D:13)
  6 shock serpents
  Nergalle (Lair:4)
  Sonja (Orc:2)
  5 skeletal warriors (D:15)
  A deep troll (D:13)
  A naga ritualist (Snake:1)
  A wizard (D:15)
  The ghost of bear the Cleaver, a novice GrFi of Okawaru (D:7)
  Pikel (D:7)
  A deep elf archer (D:14)
  4 orc knights
  A wolf spider (Lair:6)
  A lindwurm (Lair:6)
  A necromancer (D:15)
  7 mana vipers
  2 ugly things
  8 orc sorcerers
  A manticore (D:15)
  11 elephants
  A cyclops (D:15)
  2 salamanders
  29 black mambas
  Joseph (D:7)
  4 centaur zombies
  3 guardian serpents
  Psyche (D:11)
  Maurice (D:9)
  12 naga magi
  5 torpor snails (Lair:6)
  2 gargoyles (D:13)
  16 spiny frogs
  A kobold demonologist (D:14)
  A komodo dragon (shapeshifter) (D:15)
  8 komodo dragons
  4 yaktaurs (D:15)
  A freezing wraith (D:13)
  2 ice devils (D:12)
  A queen bee (D:9)
  A meliai (shapeshifter) (D:14)
  2 polar bears (D:12)
  6 trolls
  6 slime creatures
  11 hornets (Lair:6)
  4 tyrant leeches (Lair:6)
  8 blink frogs
  7 dream sheep (Lair:5)
  8 hippogriffs
  Grinder (D:4)
  A blink frog (shapeshifter) (D:15)
  2 meliai zombies
  2 centaur simulacra (D:12)
  2 vampires
  2 wraiths
  10 redbacks
  3 shadows (D:15)
  13 wyverns
  28 yaks
  6 fire elementals (D:14)
  3 hogs (Snake:3)
  6 basilisks
  Grum (D:11)
  5 vampire mosquitoes (D:10)
  Menkaure (D:7)
  2 acid dragons
  3 wargs
  28 nagas
  6 swamp worms (D:9)
  A soldier ant (D:15)
  A hell hound (D:14)
  23 water moccasins
  6 porcupines
  Purgy (Sewer)
  5 phantoms
  A black bear (D:6)
  A hornet zombie (D:14)
  5 sky beasts
  A necrophage (D:10)
  22 orc warriors
  6 ice beasts
  2 slaves (D:7)
  A boggart (D:14)
  2 eyes of draining
  13 ogres
  12 wolves
  14 centaurs
  13 crocodiles
  A big kobold (D:11)
  12 bullfrogs
  2 wyvern zombies
  8 scorpions
  20 killer bees
  10 wights (D:11)
  5 electric eels (D:12)
  2 howler monkeys
  A bullfrog zombie (D:13)
  8 crimson imps
  12 orc priests
  10 hounds
  9 jellies
  9 centaur skeletons
  31 orc wizards
  A bullfrog skeleton (D:4)
  Terence (D:2)
  8 iguanas
  15 worker ants
  A bullfrog simulacrum (D:12)
  A hound zombie (D:10)
  A howler monkey zombie (D:10)
  A worker ant zombie (D:11)
  Robin (D:3)
  6 adders
  A howler monkey skeleton (D:8)
  A river rat (D:4)
  4 shadow imps
  2 white imps (D:12)
  2 ufetubi (D:12)
  2 adder skeletons
  10 worms (D:9)
  2 dart slugs
  8 leopard geckos
  59 orcs
  8 giant cockroaches
  10 goblins
  7 hobgoblins
  6 jackals
  5 quokkas
  4 ball pythons
  6 bats
  A frilled lizard (D:1)
  A jackal zombie (D:8)
  9 kobolds
  A quokka zombie (D:10)
  4 rats
  2 bushes (D:14)
  2 fungi (Lair:6)
  9 plants
860 creatures vanquished.

Vanquished Creatures (others)
  A spiny frog (Lair:3)
  A blink frog (Lair:3)
  A water moccasin (Lair:4)
  A slave (D:7)
  An orc priest (D:7)
  2 orc wizards (Orc:2)
  An orc (D:7)
  6 fungi
  33 plants
47 creatures vanquished.

Grand Total: 907 creatures vanquished

Notes
Turn   | Place    | Note
-------+----------+-------------------------------------------
     0 | D:1      | ghjk the Minotaur Fighter began the quest for the Orb.
     0 | D:1      | Reached XP level 1. HP: 19/19 MP: 0/0
     1 | D:1      | Noticed an electric eel
   417 | D:1      | Reached XP level 2. HP: 24/27 MP: 1/1
   672 | D:2      | Noticed Terence
   684 | D:2      | Killed Terence
   684 | D:2      | Reached skill level 3 in Axes
   684 | D:2      | Reached XP level 3. HP: 29/33 MP: 2/2
  1399 | D:3      | Noticed a centaur
  1403 | D:3      | Killed a centaur
  1403 | D:3      | Reached skill level 4 in Axes
  1403 | D:3      | Reached skill level 5 in Armour
  1403 | D:3      | Reached XP level 4. HP: 22/40 MP: 3/3
  1529 | D:3      | Reached XP level 5. HP: 45/46 MP: 4/4
  1654 | D:3      | Noticed Robin
  1668 | D:3      | Killed Robin
  1960 | D:4      | Reached skill level 5 in Axes
  1989 | D:4      | Noticed Grinder
  1992 | D:4      | Paralysed by Grinder for 2 turns
  1994 | D:4      | Killed Grinder
  1994 | D:4      | Reached skill level 6 in Axes
  1994 | D:4      | Reached XP level 6. HP: 26/52 MP: 5/5
  2058 | D:4      | Reached skill level 7 in Axes
  2058 | D:4      | Reached XP level 7. HP: 39/60 MP: 6/6
  2157 | D:4      | Found a glowing drain.
  2250 | Sewer    | Entered a sewer
  2379 | Sewer    | Noticed Purgy
  2390 | Sewer    | Killed Purgy
  2390 | Sewer    | Reached skill level 1 in Dodging
  2660 | D:4      | Reached skill level 8 in Axes
  2707 | D:4      | Found a staircase to the Ecumenical Temple.
  2722 | Temple   | Entered the Ecumenical Temple
  2961 | Temple   | Became a worshipper of Warmaster Okawaru
  3181 | D:5      | Entered Level 5 of the Dungeon
  3181 | D:5      | Found a shimmering altar of Xom.
  3351 | D:5      | Reached XP level 8. HP: 65/67 MP: 7/7
  3462 | D:5      | Reached skill level 9 in Axes
  3780 | D:5      | Reached skill level 5 in Fighting
  3878 | D:6      | Reached * piety under Okawaru
  3878 | D:6      | Reached skill level 10 in Axes
  3884 | D:6      | Found Zosing's Assorted Antiques.
  3957 | D:6      | Found Eniboe Azoh's Distillery.
  4103 | D:6      | Found a sparkling altar of Nemelex Xobeh.
  4265 | D:6      | Found Receahol's Assorted Antiques.
  4273 | D:6      | Bought a potion of curing for 78 gold pieces
  4273 | D:6      | Bought a scroll of remove curse for 78 gold pieces
  4273 | D:6      | Bought a scroll labeled BIURAY RUREU for 26 gold pieces
  4273 | D:6      | Bought a purple potion for 23 gold pieces
  4273 | D:6      | Bought a potion of heal wounds for 130 gold pieces
  4569 | D:6      | Found Tuwnu's General Store.
  4577 | D:6      | Bought a scroll of identify for 28 gold pieces
  4667 | D:7      | Noticed Joseph
  4732 | D:7      | Noticed bear's ghost (novice GrFi)
  4808 | D:7      | Killed bear's ghost
  4808 | D:7      | Reached ** piety under Okawaru
  4808 | D:7      | Reached skill level 11 in Axes
  4808 | D:7      | Reached XP level 9. HP: 69/74 MP: 8/8
  4829 | D:7      | Found Venov's Assorted Antiques.
  4843 | D:7      | Bought a scroll labeled CUIGOA FUGOLUX for 27 gold pieces
  4893 | D:7      | Noticed Pikel
  4912 | D:7      | Killed Pikel
  5058 | D:7      | Reached skill level 12 in Axes
  5344 | D:7      | Killed Joseph
  5387 | D:7      | Noticed Menkaure
  5392 | D:7      | Killed Menkaure
  5610 | D:8      | Noticed a two-headed ogre
  5610 | D:8      | Reached *** piety under Okawaru
  5620 | D:8      | Killed a two-headed ogre
  5620 | D:8      | Reached **** piety under Okawaru
  5620 | D:8      | Reached skill level 13 in Axes
  5620 | D:8      | Reached XP level 10. HP: 18/84 MP: 2/9
  5975 | D:8      | Noticed a two-headed ogre
  5983 | D:8      | Killed a two-headed ogre
  6014 | D:8      | Found a sacrificial altar of Ru.
  6032 | D:8      | Reached skill level 10 in Armour
  6539 | D:9      | Noticed Erolcha
  6568 | D:9      | Noticed Maurice
  6574 | D:9      | Killed Maurice
  6574 | D:9      | Received a gift from Okawaru
  6574 | D:9      | Reached skill level 14 in Axes
  7247 | D:9      | Killed Erolcha
  7247 | D:9      | Reached ***** piety under Okawaru
  7381 | D:9      | Reached XP level 11. HP: 58/94 MP: 6/10
  7387 | D:9      | Received a gift from Okawaru
  8234 | D:9      | Reached skill level 15 in Axes
  8260 | D:10     | Entered Level 10 of the Dungeon
  8274 | D:10     | Found an ancient bone altar of Kikubaaqudgha.
  9102 | D:11     | Found a staircase to the Lair.
  9160 | D:11     | Noticed Grum
  9171 | D:11     | Killed Grum
  9342 | D:11     | Noticed Psyche
  9547 | D:11     | Noticed a two-headed ogre
  9554 | D:11     | Killed a two-headed ogre
  9554 | D:11     | Reached skill level 16 in Axes
  9725 | D:11     | Killed Psyche
  9767 | D:11     | Noticed Gastronok
  9779 | D:11     | Killed Gastronok
  9876 | D:11     | Noticed a purple ugly thing
  9892 | D:11     | Killed a purple ugly thing
  9892 | D:11     | Reached XP level 12. HP: 76/104 MP: 6/11
  9993 | Lair:1   | Entered Level 1 of the Lair of Beasts
 10124 | Lair:1   | Reached ****** piety under Okawaru
 11392 | Lair:2   | Reached skill level 17 in Axes
 11403 | Lair:2   | Noticed a seven-headed hydra
 11414 | Lair:2   | Killed a seven-headed hydra
 11414 | Lair:2   | Received a gift from Okawaru
 11414 | Lair:2   | Reached skill level 10 in Fighting
 12326 | Lair:3   | Reached skill level 1 in Maces & Flails
 12332 | Lair:3   | Found a staircase to the Snake Pit.
 12394 | Lair:3   | Found a staircase to the Swamp.
 12459 | Lair:3   | Noticed a four-headed hydra
 12663 | Lair:3   | Killed a ten-headed hydra
 13010 | Lair:3   | Noticed a catoblepas
 13019 | Lair:3   | Killed a catoblepas
 13077 | Lair:3   | Reached skill level 18 in Axes
 13615 | Lair:4   | Noticed Nergalle
 13627 | Lair:4   | Killed Nergalle
 13627 | Lair:4   | Reached XP level 13. HP: 99/115 MP: 9/12
 13919 | Lair:4   | Noticed Nessos
 13936 | Lair:4   | Killed Nessos
 13936 | Lair:4   | Received a gift from Okawaru
 14132 | Lair:5   | Found a staircase to the Slime Pits.
 14318 | Lair:5   | Found a glowing silver altar of Zin.
 14367 | Lair:5   | Identified the Catalogue of the Igneous Snowflakes
 14945 | Lair:6   | Entered Level 6 of the Lair of Beasts
 14981 | Lair:6   | Reached skill level 15 in Armour
 15440 | Lair:6   | Received a gift from Okawaru
 15596 | Lair:6   | Got a smoking executioner's axe {god gift}
 15597 | Lair:6   | Identified the +8 executioner's axe of the Moth {chop, -Tele rElec rPois Dex+6} (Okawaru gifted it to you on level 6 of the Lair of Beasts)
 16202 | Lair:6   | Found a runed door.
 16203 | Lair:6   | Reached XP level 14. HP: 127/127 MP: 13/13
 16233 | Lair:6   | Reached skill level 19 in Axes
 16267 | Lair:6   | Received a gift from Okawaru
 17775 | D:12     | Found a staircase to the Orcish Mines.
 18413 | Orc:1    | Entered Level 1 of the Orcish Mines
 18580 | Orc:2    | Entered Level 2 of the Orcish Mines
 18862 | Orc:1    | Found a roughly hewn altar of Beogh.
 18932 | Orc:1    | Noticed ThereIsNoGod's ghost (journeyman MiGl)
 18945 | Orc:1    | Killed ThereIsNoGod's ghost
 19773 | Orc:2    | Noticed Sonja
 19782 | Orc:2    | Killed Sonja
 19962 | Orc:2    | Received a gift from Okawaru
 20009 | Orc:2    | Found a staircase to the Elven Halls.
 20452 | Orc:2    | Found Farovos's Antique Armour Shoppe.
 20479 | Orc:2    | Found a radiant altar of Vehumet.
 20565 | Orc:2    | Found Ubiusipn's Magic Scroll Emporium.
 20935 | Orc:2    | Bought a scroll of teleportation for 54 gold pieces
 20935 | Orc:2    | Bought a scroll of teleportation for 54 gold pieces
 20935 | Orc:2    | Bought a scroll of identify for 36 gold pieces
 20935 | Orc:2    | Bought a scroll of identify for 36 gold pieces
 20935 | Orc:2    | Bought a scroll of teleportation for 54 gold pieces
 20935 | Orc:2    | Bought a scroll of identify for 36 gold pieces
 20935 | Orc:2    | Bought a scroll of identify for 36 gold pieces
 20935 | Orc:2    | Bought a scroll of remove curse for 54 gold pieces
 20942 | Orc:2    | Found an ancient bone altar of Kikubaaqudgha.
 21006 | Orc:2    | Found a roughly hewn altar of Beogh.
 21006 | Orc:2    | Found Zougot's Book Shoppe.
 21083 | Orc:2    | Found Konetun's Magic Scroll Shoppe.
 21094 | Orc:2    | Bought a scroll of blinking for 112 gold pieces
 21094 | Orc:2    | Bought a scroll of teleportation for 45 gold pieces
 21094 | Orc:2    | Bought a scroll of teleportation for 45 gold pieces
 21094 | Orc:2    | Bought a scroll of brand weapon for 300 gold pieces
 21928 | D:13     | Noticed Urug
 21939 | D:13     | Killed Urug
 21939 | D:13     | Reached XP level 15. HP: 103/139 MP: 10/14
 22013 | D:13     | Reached skill level 15 in Fighting
 22059 | D:13     | Received a gift from Okawaru
 22181 | D:13     | Found a gate to the Vaults.
 22474 | D:14     | Noticed Azrael
 22486 | D:14     | Killed Azrael
 23067 | D:14     | Reached skill level 20 in Axes
 23286 | D:14     | Found a blossoming altar of Fedhas.
 23442 | D:15     | Entered Level 15 of the Dungeon
 23785 | D:15     | Received a gift from Okawaru
 24237 | D:15     | Found a staircase to the Depths.
 24448 | Snake:1  | Entered Level 1 of the Snake Pit
 24888 | Snake:1  | Reached XP level 16. HP: 16/155 MP: 2/15
 25502 | Snake:1  | Received a gift from Okawaru
 26987 | Snake:2  | Noticed Aizul
 27002 | Snake:2  | Killed Aizul
 27631 | Snake:3  | Noticed Agnes
 27644 | Snake:3  | Killed Agnes
 28104 | Snake:3  | Noticed Kirke
 28106 | Snake:3  | Noticed a sphinx
 28116 | Snake:3  | Killed Kirke
 28240 | Snake:3  | Found a glowing golden altar of the Shining One.
 29099 | Snake:4  | Entered Level 4 of the Snake Pit
 29143 | Snake:4  | Received a gift from Okawaru
 29478 | Snake:4  | Noticed Saint Roka
 29519 | Snake:4  | Slain by a naga warrior

Skill      XL: |  1  2  3  4  5  6  7  8  9 10 11 12 13 14 15 16 |
---------------+-------------------------------------------------+-----
Shields        | 4 |  4.0
Armour         | 4 5 6 7 8 9 10 12 14 16 17 18 19 | 19.4
Axes           | 3 4 6 7 8 11 13 14 16 18 19 20 | 20.8
Fighting       | 4 5 6 7 9 10 12 14 17 18 | 18.6
Dodging        | 2 3 4 |  4.7
Maces & Flails | 1 |  1.6

Action                   |  1- 3 |  4- 6 |  7- 9 | 10-12 | 13-15 | 16-18 || total
-------------------------+-------+-------+-------+-------+-------+-------++-------
Melee: War axe           |    50 |    76 |   283 |   601 |       |       ||  1010
       Headbutt          |     5 |    12 |    56 |   139 |   256 |    66 ||   534
       Broad axe         |       |       |       |   149 |  1028 |       ||  1177
       Mace              |       |       |       |     7 |       |       ||     7
       Battleaxe         |       |       |       |       |    43 |   256 ||   299
       Executioner's axe |       |       |       |       |       |    31 ||    31
Invok: Heroism           |       |       |       |     1 |       |       ||     1
       Finesse           |       |       |       |       |       |     1 ||     1
  Use: Potion            |     1 |     1 |     2 |     5 |     4 |     1 ||    14
       Scroll            |       |     9 |    11 |    13 |    13 |     7 ||    53
  Eat: Chunk             |     2 |     1 |     9 |    16 |    17 |       ||    45
       Fruit             |       |       |     4 |     5 |     6 |     4 ||    19
       Royal jelly       |       |       |       |     2 |     7 |     5 ||    14
       Bread ration      |       |       |       |       |       |     1 ||     1
Armor: Scale mail        |    19 |       |       |       |       |       ||    19
       Chain mail        |     4 |    32 |    77 |       |       |       ||   113
       Plate armour      |       |       |    83 |   282 |   492 |   155 ||  1012
Dodge: Dodged            |     8 |    21 |    53 |   135 |   269 |   109 ||   595
       Deflected         |       |       |       |     2 |    22 |    15 ||    39
Block: Shield            |    25 |    37 |   130 |   313 |   445 |       ||   950
